 Dungeon Sprint DCSS version 0.21-a0-361-g4efd3f9 (webtiles) character file.

1332 Kidiri the Fighter (level 8, -4/82 HPs)
             Began as a White Draconian Berserker on Oct 13, 2017.
             Was an Elder of Trog.
             Slain by a troll (7 damage)
             ... in the Dungeon (Sprint IX: "|||||||||||||||||||||||||||||").
             The game lasted 00:02:44 (431 turns).

Kidiri the Fighter (White Draconian Berserker)       Turns: 431, Time: 00:02:45

Health: -4/82      AC:  9    Str: 26    XL:     8   Next: 34%
Magic:  7/7        EV: 16    Int:  7    God:    Trog [****..]
Gold:   0          SH:  0    Dex: 10    Spells: 7/7 levels left

rFire    + . .     SeeInvis .   a - +2 dire flail (holy)
rCold    + . .     Gourm    .   (shield currently unavailable)
rNeg     . . .     Faith    .   (armour unavailable)
rPois    .         Spirit   .   (helmet restricted)
rElec    .         Reflect  .   (no cloak)
rCorr    .         Harm     .   m - +0 pair of gloves
MR       .....     NoTele   +   (no boots)
Stlth    +.........             (no amulet)
HPRegen  0.23/turn              n - +2 ring of protection
MPRegen  0.10/turn              o - +3 ring of strength

@: short of breath, berserk cooldown, slowed, very slow
A: breathe frost, unfitting armour, antennae 1, cold resistance 1, fire
resistance 1, low mp 1, cold-blooded, AC +6
a: Breathe Frost, Berserk, Trog's Hand, Brothers in Arms, Burn Spellbooks,
Renounce Religion


You were in the Dungeon.
You worshipped Trog.
Trog was greatly pleased with you.
You were near starving.

You visited 1 branch

Inventory:

Hand Weapons
 a - a +2 dire flail of holy wrath (weapon)
Missiles
 p - 6 silver javelins (quivered)
Armour
 m - a +0 pair of gloves (worn)
Jewellery
 n - a +2 ring of protection (left hand)
 o - a +3 ring of strength (right hand)
Wands
 l - a wand of acid (7/15)
Scrolls
 h - 2 scrolls of blinking
 k - 3 scrolls of remove curse
Potions
 c - 5 potions of curing
 d - a potion of invisibility
 e - a potion of haste
 f - 4 potions of magic
 g - a potion of berserk rage
 j - 2 potions of heal wounds
Comestibles
 b - a bread ration
 i - 3 chunks of flesh


   Skills:
 * Level 11.2 Fighting
 * Level 10.4 Maces & Flails
 + Level 6.5 Throwing
 * Level 9.5 Dodging


You had 7 spell levels left.
You didn't know any spells.

Dungeon Overview and Level Annotations

Branches:
Dungeon (1/1)

Altars:
Cheibriados
Dithmenos
Elyvilon
Fedhas
Gozag
Hepliaklqana
Kikubaaqudgha
Makhleb
Nemelex Xobeh
Okawaru
Qazlal
Ru
Sif Muna
Trog
Uskayaw
Vehumet
Wu Jian
Xom
Yredelemnul
Zin
The Shining One
Beogh
Jiyva
Lugonu


Innate Abilities, Weirdness & Mutations

You can breathe waves of freezing cold.
You can buffet flying creatures when you breathe cold.
Your icy white scales are hard. (AC +6)
You cannot fit into any form of body armour.
Your flesh is cold resistant. (rC+)
You are cold-blooded and may be slowed by cold attacks.
You have a pair of small antennae on your head.
Your flesh is heat resistant. (rF+)
Your magical capacity is low. (-10% MP)


Message History

You exhale a wave of freezing cold.
The freezing breath hits the troll.
The troll is heavily wounded.
The freezing breath misses the red ugly thing.
The freezing breath misses the ogre.
You feel somewhat more hungry. The troll bites you!
* * * LOW HITPOINT WARNING * * *
The troll misses you. x2
Unknown command.
Unknown command.
Unknown command.
Okay, then.
Unknown command.
Your ogre goes berserk!
You are near starving!
Trog will no longer gift you weapons. The troll barely misses you.
The troll claws you!
* * * LOW HITPOINT WARNING * * *
The troll completely misses you. The troll barely misses you.
The troll claws you!
You die... ▓▓▓▓▓▓▓▓▓▓▓▓▓▓▓▓▓▓▓▓▓▓▓▓ +...OuT@O...[)'..[[.)|?. ▓▓▓▓▓▓▓▓▓▓▓▓▓▓▓▓▓▓▓▓▓▓▓▓

You could see a red ugly thing, a troll, an ogre and a friendly ogre (berserk).

Vanquished Creatures
  A kobold demonologist (D)
  A troll (D)
  A wyvern (D)
  A sky beast (D)
  An ogre (D)
  A bullfrog (D)
  A crimson imp (D)
  An orc wizard (D)
  2 adders (D)
  An adder zombie (D)
  An adder skeleton (D)
  A goblin (D)
  2 bats (D)
  2 frilled lizards (D)
  A kobold (D)
18 creatures vanquished.

Vanquished Creatures (collateral kills)
  An unseen horror (D)
1 creature vanquished.

Grand Total: 19 creatures vanquished

Notes
Turn   | Place    | Note
-------+----------+-------------------------------------------
     0 | D        | Kidiri the Draconian Berserker began the quest for the Orb.
     0 | D        | Reached XP level 1. HP: 19/19 MP: 1/1
    14 | D        | Reached ** piety under Trog
   136 | D        | Noticed a sky beast
   136 | D        | Noticed an orc wizard
   146 | D        | Reached skill level 4 in Fighting
   146 | D        | Reached skill level 1 in Throwing
   146 | D        | Reached XP level 2. HP: 24/27 MP: 2/2
   150 | D        | Reached *** piety under Trog
   154 | D        | Reached skill level 5 in Fighting
   154 | D        | Reached XP level 3. HP: 31/36 MP: 3/3
   158 | D        | HP: 1/36 [something (6)]
   167 | D        | Killed a sky beast
   167 | D        | Reached **** piety under Trog
   167 | D        | Reached skill level 6 in Fighting
   167 | D        | Reached skill level 5 in Dodging
   167 | D        | Reached XP level 4. HP: 21/45 MP: 4/4
   174 | D        | Gained mutation: You have a pair of small antennae on your head. [mutagenic meat]
   175 | D        | Gained mutation: Your flesh is heat resistant. (rF+) [mutagenic meat]
   176 | D        | Gained mutation: Your magical capacity is low. (-10% MP) [mutagenic meat]
   183 | D        | Found a roughly hewn altar of Beogh.
   183 | D        | Found a snail-covered altar of Cheibriados.
   183 | D        | Found a shadowy altar of Dithmenos.
   183 | D        | Found a white marble altar of Elyvilon.
   183 | D        | Found a blossoming altar of Fedhas.
   183 | D        | Found an opulent altar of Gozag.
   184 | D        | Found a hazy altar of Hepliaklqana.
   185 | D        | Found a viscous altar of Jiyva.
   186 | D        | Found an ancient bone altar of Kikubaaqudgha.
   187 | D        | Found a corrupted altar of Lugonu.
   188 | D        | Found a burning altar of Makhleb.
   189 | D        | Found a sparkling altar of Nemelex Xobeh.
   190 | D        | Found an iron altar of Okawaru.
   191 | D        | Found a stormy altar of Qazlal.
   192 | D        | Found a sacrificial altar of Ru.
   193 | D        | Found a deep blue altar of Sif Muna.
   194 | D        | Found a bloodstained altar of Trog.
   195 | D        | Found a hide-covered altar of Uskayaw.
   196 | D        | Found a radiant altar of Vehumet.
   197 | D        | Found an ornate altar of the Wu Jian Council.
   198 | D        | Found a shimmering altar of Xom.
   199 | D        | Found a basalt altar of Yredelemnul.
   200 | D        | Found a glowing silver altar of Zin.
   201 | D        | Found a glowing golden altar of the Shining One.
   336 | D        | Noticed a troll
   336 | D        | Noticed an ogre
   336 | D        | Noticed a bullfrog
   336 | D        | Noticed a wyvern
   340 | D        | Killed a wyvern
   340 | D        | Reached skill level 8 in Fighting
   340 | D        | Reached XP level 5. HP: 53/53 MP: 4/4
   340 | D        | Reached XP level 6. HP: 61/61 MP: 5/5
   344 | D        | Reached skill level 9 in Fighting
   347 | D        | Received a gift from Trog
   347 | D        | Reached ***** piety under Trog
   350 | D        | Reached skill level 5 in Throwing
   353 | D        | Killed a troll
   353 | D        | Your scales start taking on an icy white colour.
   353 | D        | Reached XP level 7. HP: 71/71 MP: 6/6
   353 | D        | Gained mutation: Your flesh is cold resistant. (rC+) [White Draconian growth]
   407 | D        | Noticed a red ugly thing
   407 | D        | Noticed a troll
   407 | D        | Noticed a kobold demonologist
   419 | D        | Killed a kobold demonologist
   419 | D        | Received a gift from Trog
   419 | D        | Reached skill level 10 in Fighting
   428 | D        | Killed an unseen horror
   428 | D        | Reached skill level 11 in Fighting
   428 | D        | Reached skill level 10 in Maces & Flails
   428 | D        | Reached XP level 8. HP: 26/82 MP: 7/7
   431 | D        | HP: 3/82 [troll (8)]
   431 | D        | Slain by a troll

Vault maps used:
D:        linesprint

Skill      XL: |  1  2  3  4  5  6  7 |
---------------+----------------------+-----
Dodging        | 3 4 5 6 8 9 |  9.5
Fighting       | 4 5 6 8 9 11 | 11.2
Throwing       | 1 2 3 4 5 6 |  6.5
Maces & Flails | 4 6 7 9 10 | 10.4

Action                   |  1- 3 |  4- 6 |  7- 9 || total
-------------------------+-------+-------+-------++-------
Melee: Mace              |    46 |       |       ||    46
       Tailslap          |     6 |       |     1 ||     7
       Dire flail        |       |    14 |    16 ||    30
Invok: Berserk           |     1 |     1 |     1 ||     3
       Trog's Hand       |     1 |       |     1 ||     2
       Brothers in Arms  |       |       |     2 ||     2
 Abil: Breathe Frost     |       |       |     1 ||     1
  Use: Potion            |     1 |       |       ||     1
  Eat: Chunk             |       |     3 |     1 ||     4
Armor: Skin              |    12 |     2 |     8 ||    22
Dodge: Dodged            |    32 |     5 |    24 ||    61

Table legend:
 A = Spawn XP
 B = Non-spawn XP
 C = Spawn XP percentage of total XP
 D = Spawn monster count
 E = Non-spawn monster count
 F = Spawn count percentage of total count
 G = Total turns spent on level
                    A         B        C        D         E        F      G
               +---------+---------+-------+---------+---------+-------+---------
         Total |       0 |    1904 |   0.0 |       0 |      19 |   0.0 |   431
               +---------+---------+-------+---------+---------+-------+---------
             D |       0 |    1904 |   0.0 |       0 |      19 |   0.0 |   431
               +---------+---------+-------+---------+---------+-------+---------
